 Dungeon Crawl Stone Soup version 0.24-a0-459-g225fefd530 (webtiles) character file.

Game seed: 1161828105134127162

211324 ohad the Fencer (level 18, -9/171 HPs)
             Began as a Minotaur Berserker on June 11, 2019.
             Was the Champion of Trog.
             Mangled by a spark wasp (15 damage)
             ... on level 4 of the Spider Nest on June 29, 2019.
             The game lasted 01:29:13 (27754 turns).

ohad the Fencer (Minotaur Berserker)               Turns: 27754, Time: 01:29:14

Health: -9/171     AC: 22    Str: 23    XL:     18   Next: 58%
Magic:  20/20      EV: 29    Int:  4    God:    Trog [******]
Gold:   1395       SH:  0    Dex: 17    Spells: 17/17 levels left

rFire    + . .     SeeInvis .   b - +10 great sword of Division {vamp, *Rage rF+ rC+}
rCold    + . .     Gourm    .   (shield currently unavailable)
rNeg     . . .     Faith    .   B - quicksilver dragon scales
rPois    +         Spirit   .   v - +1 hat
rElec    .         Reflect  .   (no cloak)
rCorr    .         Harm     .   q - +2 pair of gloves
MR       ++...     Rnd*Rage +   X - +0 pair of boots
Stlth    +.........             (no amulet)
HPRegen  0.38/turn              m - ring of poison resistance
MPRegen  0.17/turn              p - +6 ring of evasion

@: no status effects
A: retaliatory headbutt, horns 2
a: Berserk, Trog's Hand, Brothers in Arms, Renounce Religion


You were on level 4 of the Spider Nest.
You worshipped Trog.
Trog was exalted by your worship.
You were not hungry.

You visited 4 branches of the dungeon, and saw 27 of its levels.

You collected 2787 gold pieces.
You spent 1392 gold pieces at shops.

Inventory:

Hand Weapons
 a - a +0 triple sword
 b - the +10 great sword of Division (weapon) {vamp, *Rage rF+ rC+}
   (Trog gifted it to you on level 4 of the Spider Nest)

   It inflicts no extra harm, but heals its wielder when it wounds a living foe.
   It protects you from fire.
   It protects you from cold.
   It may make you go berserk in combat.
 D - a +3 great sword of freezing
 E - the +10 great sword "Lixeg" {drain, SInv}
   (Trog gifted it to you on level 13 of the Dungeon)

   A truly terrible weapon, it drains the life of those it strikes.
   It lets you see invisible.
 N - a +4 scimitar of flaming
 P - a +3 antimagic triple sword
 Q - a +4 dagger of distortion
Missiles
 r - 21 curare-tipped darts
 t - 4 datura-tipped darts
 T - 6 silver boomerangs
 Y - 7 atropa-tipped darts (quivered)
Armour
 q - a +2 pair of gloves (worn)
 v - a +1 hat (worn)
 B - quicksilver dragon scales (worn)
 M - a +2 chain mail of poison resistance
 X - a +0 pair of boots (worn)
Jewellery
 f - an uncursed ring of see invisible
 m - a ring of poison resistance (left hand)
 p - a +6 ring of evasion (right hand)
 G - an uncursed ring of protection from magic
 K - the ring of the Turtledove {*Tele rF+}
   (You took it off an orc priest on level 8 of the Dungeon)

   [ring of teleportation]

   It may teleport you next to monsters.
   It protects you from fire.
 U - an uncursed ring of fire
 W - a +4 ring of protection
Wands
 s - a wand of acid (8)
 w - a wand of iceblast (24)
 H - a wand of clouds (5)
Scrolls
 e - 3 scrolls of magic mapping
 h - 7 scrolls of fear
 j - 5 scrolls of enchant armour
 n - 9 scrolls of teleportation
 y - 2 scrolls of blinking
 z - 7 scrolls of enchant weapon
 A - a scroll of fog
 L - a scroll of acquirement
 O - 12 scrolls of remove curse
 V - a scroll of silence
 Z - 4 scrolls of identify
Potions
 d - 4 potions of ambrosia
 i - 2 potions of heal wounds
 k - a potion of agility
 l - 10 potions of curing
 o - 4 potions of invisibility
 x - 3 potions of resistance
 F - 2 potions of might
 R - 4 potions of cancellation
 S - 2 potions of haste
Miscellaneous
 g - a sack of spiders
 u - a box of beasts
 I - a lamp of fire
 J - a lightning rod (4/4)
Comestibles
 c - 34 rations


   Skills:
 - Level 17.6 Fighting
 - Level 20.1 Long Blades
 - Level 3.0 Throwing
 * Level 17.1 Armour
 + Level 16.7 Dodging
 - Level 4.0 Evocations


You had 17 spell levels left.
You didn't know any spells.
Your spell library was empty.

Dungeon Overview and Level Annotations

Branches:
Dungeon (15/15)            Temple (0/1) D:6            Lair (6/6) D:9
 Shoals (0/4) Lair:2       Spider (4/4) Lair:3        Slime (0/5) Lair:5
    Orc (2/2) D:12            Elf (0/3) Orc:2        Vaults (0/5) D:14
 Depths (0/5) D:15

Altars:
Ashenzari
Dithmenos
Elyvilon
Fedhas
Gozag
Kikubaaqudgha
Nemelex Xobeh
Ru
Trog
Vehumet
Wu Jian
Zin
Beogh

Shops:
D:6 *   D:9 :   D:12 [   D:13 (   Orc:2 :??(

Annotations:
Lair:1 exclusion: 2 oklob plants


Innate Abilities, Weirdness & Mutations

You reflexively headbutt those who attack you in melee.
You have a pair of horns on your head.


Message History

* * * LOW HITPOINT WARNING * * *
The spark wasp barely misses you. You furiously retaliate!
You headbutt the spark wasp, but do no damage.
The orb spider begins to weave its threads into a brightly glowing ball.
The jumping spider completely misses you. x2
The wolf spider completely misses you. You furiously retaliate!
You headbutt the wolf spider!
You riposte.
You completely miss the wolf spider.
The wolf spider is lightly wounded.
The wolf spider bites you but does no damage.
The spark wasp stings you but does no damage.
The orb spider weaves a glowing orb of energy.
The wavering orb of destruction weakly hits you!!
* * * LOW HITPOINT WARNING * * *
The spark wasp closely misses you.
You riposte.
You slash the spark wasp! You headbutt the spark wasp!
The spark wasp is severely wounded.
The spark wasp stings you!
* * * LOW HITPOINT WARNING * * *
The spark wasp shocks you!
You die...

.^ . ^##≈ .... ##.s# ≈.^≈
##^s## #^...# ##.s##
#≈s#@# #.syy# ##^.##
##..°.## #..s...###
#..........### ########
#^.........^^## #..^....
#..............# #....#..
.......#..#.....####...^..


You could see 2 spark wasps, a wolf spider, 3 orb spiders and a jumping spider.

Vanquished Creatures
  A tentacled monstrosity (D:12)
  Asterion (Spider:4)
  2 ghost moths
  5 emperor scorpions
  A very ugly thing (D:12)
  An ironheart preserver (D:14)
  5 entropy weavers
  Azrael (D:14)
  Nessos (Lair:4)
  2 dire elephants
  Snorg (Lair:4)
  4 hydras
  3 ice dragons
  Erolcha (Orc:2)
  4 centaur warriors
  A tengu warrior (D:14)
  9 two-headed ogres
  Erica (D:8)
  10 death yaks (Lair:5)
  A queen ant (Spider:1)
  2 ogre magi (Orc:2)
  5 skeletal warriors (D:13)
  Sonja (Orc:2)
  An unseen horror (D:12)
  A wizard (D:15)
  2 orc knights
  14 orb spiders
  8 orc sorcerers (Orc:2)
  23 wolf spiders
  A cyclops (D:13)
  14 ugly things
  4 manticores
  A moth of wrath (Spider:2)
  4 centaur zombies
  10 black mambas
  38 elephants
  7 spiny frogs
  2 gargoyles
  Psyche (D:9)
  2 torpor snails
  8 komodo dragons
  11 demonic crawlers
  A rime drake (Lair:4)
  2 efreet
  A queen bee (Spider:3)
  6 polar bears
  33 jumping spiders
  2 large abominations (D:12)
  17 hornets
  8 trolls
  3 meliai (Spider:3)
  5 slime creatures (D:14)
  13 blink frogs
  6 dream sheep (Lair:6)
  10 hippogriffs
  A hippogriff (shapeshifter) (D:15)
  75 redbacks
  A shadow (D:13)
  24 tarantellas
  A wyvern (D:14)
  3 fire elementals
  13 spriggans
  2 hungry ghosts
  26 yaks
  4 vampire mosquitoes (D:14)
  5 small abominations (D:12)
  4 basilisks
  A neqoxec (D:12)
  A chaos spawn (D:12)
  3 wargs (Orc:2)
  2 acid dragons
  26 soldier ants
  12 water moccasins
  4 hell hounds
  17 orc warriors
  5 porcupines
  A hornet zombie (D:13)
  A necrophage (D:10)
  A sky beast (D:7)
  6 black bears
  11 ogres
  2 ice beasts
  5 boggarts (Lair:6)
  6 phantoms
  An eye of draining (D:8)
  20 wolves
  8 centaurs
  8 crocodiles
  6 big kobolds
  15 bullfrogs
  2 wyvern zombies
  2 wyvern skeletons
  5 scorpions
  20 killer bees
  14 wights
  3 electric eels
  A howler monkey (D:13)
  5 crimson imps
  4 hounds
  A quasit (D:13)
  37 orc wizards
  5 jellies
  10 orc priests
  5 centaur skeletons
  A gnoll shaman (D:7)
  An iguana (D:8)
  29 worker ants
  2 hound skeletons
  9 gnolls
  11 adders
  A shadow imp (D:6)
  An adder zombie (D:9)
  An adder skeleton (D:7)
  4 worms
  6 dart slugs
  10 leopard geckos
  81 orcs
  A ball python (D:3)
  6 giant cockroaches
  9 goblins
  7 hobgoblins
  19 jackals
  11 quokkas
  9 bats
  3 frilled lizards
  28 kobolds
  4 quokka skeletons
  A quokka zombie (D:10)
  12 rats
  2 plants (D:9)
1026 creatures vanquished.

Vanquished Creatures (collateral kills)
  An orc priest (Orc:2)
  4 orcs (Orc:2)
5 creatures vanquished.

Vanquished Creatures (others)
  A wolf (Lair:4)
  77 fungi
  31 plants
109 creatures vanquished.

Grand Total: 1140 creatures vanquished

Notes
Turn   | Place    | Note
-------+----------+-------------------------------------------
     0 | D:1      | ohad the Minotaur Berserker began the quest for the Orb.
     0 | D:1      | Reached XP level 1. HP: 19/19 MP: 0/0
   170 | D:1      | Reached skill level 4 in Long Blades
   581 | D:1      | Reached XP level 2. HP: 26/26 MP: 1/1
   838 | D:1      | Reached skill level 5 in Long Blades
   849 | D:1      | Reached XP level 3. HP: 29/31 MP: 2/2
   910 | D:1      | Reached ** piety under Trog
  1390 | D:2      | Reached skill level 6 in Long Blades
  1390 | D:2      | Reached XP level 4. HP: 35/39 MP: 3/3
  1477 | D:2      | Found a shadowy altar of Dithmenos.
  1519 | D:2      | You fall into a shaft and drop 2 floors!
  1723 | D:4      | Reached XP level 5. HP: 39/45 MP: 4/4
  1734 | D:4      | Reached skill level 7 in Long Blades
  1873 | D:4      | Noticed a phantom
  1910 | D:4      | Killed a phantom
  1910 | D:4      | Reached skill level 8 in Long Blades
  2191 | D:3      | Reached XP level 6. HP: 51/51 MP: 5/5
  2222 | D:3      | Found a bloodstained altar of Trog.
  2240 | D:3      | Reached *** piety under Trog
  2688 | D:2      | Found a blossoming altar of Fedhas.
  2762 | D:3      | Found a white marble altar of Elyvilon.
  3225 | D:3      | Reached skill level 9 in Long Blades
  3860 | D:5      | Entered Level 5 of the Dungeon
  3938 | D:5      | Found a glowing silver altar of Zin.
  4074 | D:5      | Reached **** piety under Trog
  4220 | D:5      | Found a shattered altar of Ashenzari.
  4635 | D:6      | Reached XP level 7. HP: 51/57 MP: 6/6
  4736 | D:6      | Reached skill level 10 in Long Blades
  5046 | D:6      | Found an opulent altar of Gozag.
  5046 | D:6      | Found a sparkling altar of Nemelex Xobeh.
  5046 | D:6      | Noticed a yak
  5046 | D:6      | Noticed a yak
  5046 | D:6      | Noticed a yak
  5046 | D:6      | Noticed a yak
  5046 | D:6      | Noticed a yak
  5046 | D:6      | Noticed a yak
  5061 | D:6      | Killed a yak
  5067 | D:6      | Killed a yak
  5067 | D:6      | Reached skill level 11 in Long Blades
  5094 | D:6      | Killed a yak
  5094 | D:6      | Reached XP level 8. HP: 41/64 MP: 7/7
  5100 | D:6      | Reached skill level 12 in Long Blades
  5291 | D:6      | Found a staircase to the Ecumenical Temple.
  5506 | D:6      | Found Eduitit's Assorted Antiques.
  5513 | D:6      | Bought a potion of agility for 92 gold pieces
  5513 | D:6      | Bought a potion of heal wounds for 115 gold pieces
  5513 | D:6      | Bought a scroll of identify for 46 gold pieces
  5585 | D:7      | Reached skill level 13 in Long Blades
  5636 | D:7      | Found a sacrificial altar of Ru.
  5677 | D:7      | Got a brightly glowing war axe
  5741 | D:7      | Reached XP level 9. HP: 60/70 MP: 8/8
  5811 | D:7      | Reached skill level 14 in Long Blades
  5897 | D:7      | Noticed a troll
  5905 | D:7      | Killed a troll
  6195 | D:7      | Reached skill level 15 in Long Blades
  6752 | D:8      | Reached ***** piety under Trog
  6797 | D:8      | Reached skill level 16 in Long Blades
  7012 | D:8      | Noticed a gargoyle
  7015 | D:8      | Killed a gargoyle
  7015 | D:8      | Reached XP level 10. HP: 78/78 MP: 9/9
  7221 | D:8      | Noticed an orc knight
  7233 | D:8      | Killed an orc knight
  7239 | D:8      | Reached skill level 5 in Fighting
  7330 | D:8      | Identified the ring of the Turtledove {*Tele rF+}
  7422 | D:8      | Found a shadowy altar of Dithmenos.
  7533 | D:8      | Noticed Erica
  7542 | D:8      | Killed Erica
  7542 | D:8      | Reached skill level 5 in Dodging
  7754 | D:9      | Noticed a two-headed ogre
  7759 | D:9      | Reached skill level 5 in Armour
  7759 | D:9      | Killed a two-headed ogre
  8107 | D:9      | Received a gift from Trog
  8153 | D:9      | Found an ornate altar of the Wu Jian Council.
  8164 | D:9      | Noticed Psyche
  8164 | D:9      | Noticed a two-headed ogre
  8174 | D:9      | Killed Psyche
  8175 | D:9      | Killed a two-headed ogre
  8175 | D:9      | Reached XP level 11. HP: 69/94 MP: 10/10
  8521 | D:9      | Found Tupycs's Book Shoppe.
  8564 | D:9      | Found a staircase to the Lair.
  8581 | Lair:1   | Entered Level 1 of the Lair of Beasts
  9316 | Lair:1   | Noticed an oklob plant
  9318 | Lair:1   | Noticed an oklob plant
  9889 | Lair:2   | Found a staircase to the Shoals.
 10384 | Lair:2   | Reached skill level 10 in Fighting
 10797 | Lair:3   | Found a hole to the Spider Nest.
 10904 | Lair:3   | Reached XP level 12. HP: 106/110 MP: 11/11
 10946 | Lair:3   | Reached skill level 10 in Armour
 10998 | Lair:3   | Received a gift from Trog
 11124 | Lair:3   | Noticed a dire elephant
 11137 | Lair:3   | Killed a dire elephant
 11507 | Lair:3   | You fall into a shaft and drop 2 floors!
 11845 | Lair:4   | Noticed Nessos
 11871 | Lair:4   | Killed Nessos
 12079 | Lair:4   | Reached skill level 10 in Dodging
 12079 | Lair:4   | Reached XP level 13. HP: 111/122 MP: 12/12
 12434 | Lair:4   | Noticed Snorg
 12441 | Lair:4   | Killed Snorg
 13230 | Lair:5   | Reached skill level 15 in Fighting
 13666 | Lair:5   | Found a staircase to the Slime Pits.
 13798 | Lair:6   | Entered Level 6 of the Lair of Beasts
 13883 | Lair:6   | Reached ****** piety under Trog
 14035 | Lair:6   | Reached XP level 14. HP: 117/135 MP: 13/13
 14613 | Lair:6   | Received a gift from Trog
 14941 | Lair:6   | Reached skill level 17 in Long Blades
 15479 | D:10     | Entered Level 10 of the Dungeon
 16388 | D:11     | Received a gift from Trog
 16579 | D:11     | Reached skill level 18 in Long Blades
 16579 | D:11     | Reached XP level 15. HP: 144/144 MP: 14/14
 16580 | D:11     | Reached skill level 19 in Long Blades
 16580 | D:11     | Reached XP level 16. HP: 151/151 MP: 15/15
 17291 | D:12     | Found Gura's Armour Shop.
 17291 | D:12     | Found a staircase to the Orcish Mines.
 17665 | D:12     | Found a runed translucent door.
 18014 | D:12     | Reached skill level 20 in Long Blades
 18045 | D:12     | Noticed a tentacled monstrosity
 18053 | D:12     | Killed a tentacled monstrosity
 18411 | D:13     | Received a gift from Trog
 18432 | D:13     | Got an ebony great sword {god gift}
 18433 | D:13     | Identified the +10 great sword "Lixeg" {drain, SInv} (Trog
                  | gifted it to you on level 13 of the Dungeon)
 18559 | D:13     | Found the +7 sceptre of Torment {pain, torment}
 18604 | D:13     | Identified the +1 robe of the Cricket {-Tele rCorr Str-5
                  | Stlth+}
 18616 | D:13     | Reached XP level 17. HP: 56/159 MP: 16/16
 18886 | D:13     | Found the +7 captain's cutlass {speed, disarm}
 19101 | D:13     | Found Hagry's Antique Weapon Shop.
 19751 | D:14     | Found a gate to the Vaults.
 20057 | D:15     | Entered Level 15 of the Dungeon
 20270 | D:15     | Noticed Azrael
 20489 | D:14     | Reached skill level 15 in Armour
 20751 | D:14     | Killed Azrael
 20751 | D:14     | Received a gift from Trog
 20882 | D:15     | Found a staircase to the Depths.
 21304 | Orc:1    | Entered Level 1 of the Orcish Mines
 21450 | Orc:2    | Entered Level 2 of the Orcish Mines
 22093 | Orc:2    | Noticed Sonja
 22103 | Orc:2    | Killed Sonja
 22197 | Orc:2    | Found a staircase to the Elven Halls.
 22241 | Orc:2    | Found Amesei's Book Boutique.
 22283 | Orc:2    | Found a radiant altar of Vehumet.
 22283 | Orc:2    | Noticed Erolcha
 22289 | Orc:2    | Found Ythret's Magic Scroll Boutique.
 22294 | Orc:2    | Killed Erolcha
 22299 | Orc:2    | Received a gift from Trog
 22319 | Orc:2    | Found an ancient bone altar of Kikubaaqudgha.
 22335 | Orc:2    | Bought a scroll of acquirement for 780 gold pieces
 22335 | Orc:2    | Bought a scroll of blinking for 112 gold pieces
 22335 | Orc:2    | Bought a scroll of identify for 30 gold pieces
 22335 | Orc:2    | Bought a scroll of identify for 30 gold pieces
 22335 | Orc:2    | Bought a scroll of teleportation for 45 gold pieces
 22335 | Orc:2    | Upgraded the game from 0.24-a0-420-g24607be9ce to
                  | 0.24-a0-422-g9eff3895ba
 22369 | Orc:2    | Found a roughly hewn altar of Beogh.
 22369 | Orc:2    | Found Poscho Bie's Magic Scroll Shop.
 22385 | Orc:2    | Found Poush's Antique Weapon Shop.
 22407 | Orc:2    | Bought a scroll of fear for 45 gold pieces
 22407 | Orc:2    | Bought a scroll of enchant weapon for 97 gold pieces
 22509 | Orc:2    | Found a roughly hewn altar of Beogh.
 22601 | Orc:2    | Upgraded the game from 0.24-a0-422-g9eff3895ba to
                  | 0.24-a0-433-gbe6fa4f6cc
 22601 | Orc:2    | Upgraded the game from 0.24-a0-433-gbe6fa4f6cc to
                  | 0.24-a0-458-gfcb5e6da0e
 22601 | Orc:2    | Upgraded the game from 0.24-a0-458-gfcb5e6da0e to
                  | 0.24-a0-459-g225fefd530
 22998 | Spider:1 | Entered Level 1 of the Spider Nest
 23742 | Spider:1 | Received a gift from Trog
 23749 | Spider:1 | Reached skill level 15 in Dodging
 24209 | Spider:1 | Reached skill level 1 in Throwing
 24214 | Spider:1 | Reached skill level 1 in Evocations
 24518 | Spider:2 | Received a gift from Trog
 24620 | Spider:2 | Received a gift from Trog
 24778 | Spider:2 | Reached XP level 18. HP: 125/171 MP: 6/20
 25311 | Spider:2 | Received a gift from Trog
 27224 | Spider:4 | Entered Level 4 of the Spider Nest
 27232 | Spider:4 | Noticed Asterion
 27246 | Spider:4 | Killed Asterion
 27579 | Spider:4 | Received a gift from Trog
 27584 | Spider:4 | Got a slimy great sword {god gift}
 27586 | Spider:4 | Identified the +10 great sword of Division {vamp, *Rage rF+
                  | rC+} (Trog gifted it to you on level 4 of the Spider Nest)
 27754 | Spider:4 | HP: 6/171 [spark wasp (13)]
 27754 | Spider:4 | Mangled by a spark wasp

Levels and vault maps discovered:
D:1:      wander_arrival_chamber, layout_basic
D:2:      layout_rooms, fedhas_altar_4, lemuel_crystal_altar
D:3:      layout_loops_ring, bloody_trog, hangedman_abyss_or_decor_lesser_grid,
          elyvilon_altar_1
D:4:      layout_rooms
D:5:      layout_basic, basic_altar, first_ration, nicolae_ashenzari_panopticon
D:6:      layout_loops_cross, grunt_temple_overflow_opulence,
          minmay_temple_entry_nine_rooms, serial_shops, shop
D:7:      layout_loops_ring, nicolae_overflow_crystal_walls, the_bakery
D:8:      minmay_the_grid_plus [minmay_the_grid_medium_cups,
          minmay_the_grid_plusring, minmay_the_grid_armoury,
          minmay_the_grid_minigrid_small, minmay_the_grid_prize_trominoes],
          layout_layer_cave, basic_altar, uniq_erica
D:9:      layout_long_grid, kennysheep_mini, david_lair_shrubbed, serial_shops,
          shop_coins, uniq_psyche
D:10:     layout_irregular_city
D:11:     layout_grid_maze
D:12:     cheibrodos_body_horror, layout_loops_ring, orc_david_3
D:13:     minmay_complete_graph, layout_basic, serial_rivers,
          chequers_serial_rivers_small_3, chequers_serial_rivers_marsh,
          chequers_serial_rivers_micro_a, chequers_serial_rivers_large_b,
          serial_shops, nicolae_shop_crystal
D:14:     layout_rooms, skrybe_vaults_entry_preservation, minivault_11
D:15:     grunt_enter_depths_hoard, layout_cave_pools,
          chequers_serial_rivers_micro_c, uniq_azrael
Lair:1:   layout_roguey, minmay_lair_oklob_chamber
Lair:2:   layout_roguey, minmay_shoals_entry_beasts
Lair:3:   mu_elephants_graveyard, layout_long_grid, spider_nest_entry_webs,
          infiniplex_staircase_pool_2
Lair:4:   layout_regular_city, uniq_snorg, uniq_nessos
Lair:5:   layout_cave_pods, slime_dummy
Lair:6:   minmay_lair_end_enchanted_forest, layout_regular_city,
          hangedman_lair_generics_rect, serial_bayou_shore_b, grunt_megastairs_4
Spider:1: layout_spider_delve, drop_trap, minivault_29
Spider:2: layout_spider_delve
Spider:3: layout_spider_delve, nicolae_looking_at_the_future
Spider:4: guppyfry_spider_rune, hangedman_spider_mandibles, drop_trap,
          uniq_asterion
Orc:1:    layout_caves
Orc:2:    kennysheep_orc_mage_school, layout_caves, basic_altar, uniq_sonja

Skill      XL: |  1  2  3  4  5  6  7  8  9 10 11 12 13 14 15 16 17 18 |
---------------+-------------------------------------------------------+-----
Long Blades    | 4 5 6 8 9 11 13 16 18 19 20 | 20.1
Fighting       | 4 8 11 13 15 16 17 | 17.6
Armour         | 3 6 9 11 13 14 15 17 | 17.1
Dodging        | 3 7 8 10 11 12 15 16 | 16.7
Throwing       | 3 |  3.0
Evocations     | 4 |  4.0

Action                   |  1- 3 |  4- 6 |  7- 9 | 10-12 | 13-15 | 16-18 || total
-------------------------+-------+-------+-------+-------+-------+-------++-------
Melee: Falchion          |    92 |   180 |    12 |       |       |       ||   284
       Headbutt          |    15 |    40 |    46 |   100 |   136 |   358 ||   695
       Long sword        |       |       |   110 |       |       |       ||   110
       Great sword       |       |       |   124 |   384 |   401 |   295 ||  1204
       Scimitar          |       |       |       |       |    14 |     9 ||    23
       Triple sword      |       |       |       |       |       |   768 ||   768
Throw: Dart              |       |       |       |       |       |    10 ||    10
Invok: Trog's Hand       |       |     1 |     2 |       |       |       ||     3
       Berserk           |       |       |     1 |     3 |     1 |     2 ||     7
       Brothers in Arms  |       |       |       |       |       |     1 ||     1
  Use: Scroll            |       |     7 |     4 |     6 |     3 |     8 ||    28
       Potion            |       |       |       |       |     2 |     2 ||     4
 Stab: Sleeping          |       |     9 |       |       |       |       ||     9
       Invisible         |       |       |       |       |       |     1 ||     1
  Eat: Chunk             |     1 |    11 |    10 |    19 |     9 |    27 ||    77
       Ration            |       |       |       |       |     2 |     5 ||     7
Armor: Animal skin       |    14 |    20 |       |       |       |       ||    34
       Plate armour      |       |       |    79 |    13 |       |       ||    92
       Chain mail        |       |       |       |   146 |   140 |   147 ||   433
       Quicksilver drago |       |       |       |       |    15 |   357 ||   372
Dodge: Dodged            |    62 |   115 |   138 |   358 |   459 |  1754 ||  2886
       Rpst.: Falchion   |     8 |    36 |     4 |       |       |       ||    48
       Long sword        |       |       |    22 |       |       |       ||    22
       Great sword       |       |       |    15 |    81 |    99 |    95 ||   290
       Scimitar          |       |       |       |       |     7 |     3 ||    10
       Triple sword      |       |       |       |       |       |   281 ||   281

Table legend:
 A = Non-vault XP
 B = Vault XP
 C = Vault XP percentage of total XP
 D = Non-vault monster count
 E = Vault monster count
 F = Vault count percentage of total count
                 A         B        C        D         E       F
            +---------+---------+-------+---------+---------+-------
      Total |  149902 |   89088 |  37.3 |     735 |     294 |  28.6
            +---------+---------+-------+---------+---------+-------
        D:1 |      55 |       0 |   0.0 |      29 |       0 |   0.0
        D:2 |     100 |       0 |   0.0 |      31 |       0 |   0.0
        D:3 |     174 |       0 |   0.0 |      26 |       0 |   0.0
        D:4 |     278 |       0 |   0.0 |      15 |       0 |   0.0
        D:5 |     140 |       0 |   0.0 |      16 |       0 |   0.0
        D:6 |    1479 |       0 |   0.0 |      21 |       0 |   0.0
        D:7 |    1765 |     205 |  10.4 |      38 |       1 |   2.6
        D:8 |     690 |    3303 |  82.7 |      23 |      24 |  51.1
        D:9 |    3745 |     773 |  17.1 |      42 |       2 |   4.5
       D:10 |    3594 |       0 |   0.0 |      32 |       0 |   0.0
       D:11 |    2101 |       0 |   0.0 |      18 |       0 |   0.0
       D:12 |    7149 |    7336 |  50.6 |      40 |      15 |  27.3
       D:13 |    8382 |   11471 |  57.8 |      29 |      29 |  50.0
       D:14 |    6780 |    7474 |  52.4 |      19 |      17 |  47.2
       D:15 |    2952 |     350 |  10.6 |       6 |       2 |  25.0
     Lair:1 |    1947 |     526 |  21.3 |       8 |       2 |  20.0
     Lair:2 |    1656 |    1186 |  41.7 |       9 |       3 |  25.0
     Lair:3 |    6517 |   11314 |  63.5 |      29 |      23 |  44.2
     Lair:4 |    5544 |    2353 |  29.8 |      20 |       2 |   9.1
     Lair:5 |   15485 |       0 |   0.0 |      27 |       0 |   0.0
     Lair:6 |   10789 |   12987 |  54.6 |      36 |      56 |  60.9
   Spider:1 |   15951 |    7857 |  33.0 |      46 |      44 |  48.9
   Spider:2 |   21066 |       0 |   0.0 |      59 |       0 |   0.0
   Spider:3 |   19272 |    1859 |   8.8 |      47 |      15 |  24.2
   Spider:4 |    7126 |   11944 |  62.6 |      18 |      24 |  57.1
      Orc:1 |    1454 |       0 |   0.0 |      21 |       0 |   0.0
      Orc:2 |    3711 |    8150 |  68.7 |      30 |      35 |  53.8
            +---------+---------+-------+---------+---------+-------
